 Dungeon Crawl Stone Soup version 0.26-a0-651-gb41185065b (webtiles) character file.

Game seed: 15646034424658732547

52236 Flugslaktarn the Pandemonic (level 14, -1/136 HPs)
             Began as a Deep Dwarf Fighter on Oct 6, 2020.
             Was a High Priest of Makhleb.
             Slain by a faun
             ... wielding a +0 spear
             ... led by a satyr
              (5 damage)
             ... on level 2 of the Shoals.
             The game lasted 00:09:40 (11485 turns).

Flugslaktarn the Pandemonic (Deep Dwarf Fighter)   Turns: 11485, Time: 00:09:41

Health: -1/136     AC: 25    Str: 23    XL:     14   Next: 26%
Magic:  2/2        EV:  9    Int: 10    God:    Makhleb [*****.]
Gold:   1279       SH: 12    Dex: 13    Spells: 13/13 levels left

rFire    . . .     SeeInvis .   H - +2 broad axe
rCold    . . .     Faith    .   c - +0 kite shield
rNeg     + . .     Spirit   .   G - +0 plate armour
rPois    .         Reflect  .   k - +2 helmet
rElec    .         Harm     .   (no cloak)
rCorr    .         Rampage  .   v - +2 pair of gloves
MR       +++..                  I - +2 pair of boots
Stlth    ..........             (no amulet)
HPRegen  0.00/turn              (no ring)
MPRegen  0.08/turn              j - +4 ring of slaying

@: mighty, lethally poisoned (-1 -> -24), afraid, non-regenerating
A: damage resistance, heal wounds, magic resistance 1, negative energy
resistance 1, sense surroundings 2, no regeneration
a: Heal Wounds, Minor Destruction, Lesser Servant of Makhleb, Major Destruction,
Greater Servant of Makhleb, Renounce Religion


You were on level 2 of the Shoals.
You worshipped Makhleb.
Makhleb was extremely pleased with you.
You visited 4 branches of the dungeon, and saw 19 of its levels.
You also visited: Ossuary.

You collected 1279 gold pieces.

Inventory:

Hand Weapons
 H - a +2 broad axe (weapon)
   (You took it off a vault guard on level 13 of the Dungeon)
Missiles
 F - 4 throwing nets (quivered)
Armour
 c - a +0 kite shield (worn)
 k - a +2 helmet (worn)
   (You took it off Robin on level 3 of the Dungeon)
 v - a +2 pair of gloves (worn)
   (You found it on level 4 of the Dungeon)
 G - a +0 plate armour (worn)
   (You took it off an orc warrior on level 11 of the Dungeon)
 I - a +2 pair of boots (worn)
   (You found it on level 13 of the Dungeon)
Jewellery
 j - a +4 ring of slaying (right hand)
   (You found it on level 5 of the Dungeon)
 K - a cursed amulet of inaccuracy {unknown}
   (You found it on level 2 of the Lair of Beasts)
 M - a +4 ring of protection {unknown}
   (You found it on level 2 of the Shoals)
Wands
 b - a wand of paralysis (4)
   (You took it off a meliai on level 14 of the Dungeon)
 m - a wand of digging (6)
   (You took it off a centaur warrior on level 13 of the Dungeon)
 n - a wand of iceblast (4)
   (You found it on level 9 of the Dungeon)
 p - a wand of acid (11)
   (You found it on level 14 of the Dungeon)
Scrolls
 a - 2 scrolls of immolation
 o - 3 scrolls of fear
 r - a scroll of identify
 t - 5 scrolls of teleportation
 x - 9 scrolls of remove curse
 y - 3 scrolls of magic mapping
 A - 2 scrolls of enchant armour
 C - a scroll of brand weapon {unknown}
 E - 2 scrolls of fog
 J - a scroll of enchant weapon
 N - a scroll of acquirement {unknown}
Potions
 d - 6 potions of might
 e - 2 potions of magic
 f - a potion of flight {unknown}
 g - a potion of invisibility
 h - 2 potions of ambrosia {unknown}
 i - a potion of mutation
 l - a potion of resistance {unknown}
 q - 5 potions of curing
 s - a potion of haste {unknown}
 u - 4 potions of lignification
 w - 2 potions of heal wounds
 z - 4 potions of cancellation {unknown}
 B - a potion of berserk rage {unknown}
 D - 4 potions of brilliance {unknown}
 L - a potion of experience {unknown}


   Skills:
 - Level 11.7 Fighting
 - Level 13.4 Axes
 - Level 10.2 Armour
 - Level 7.0 Dodging
 - Level 10.2 Shields
 + Level 14.7 Invocations


You had 13 spell levels left.
You didn't know any spells.
Your spell library was empty.

Dungeon Overview and Level Annotations

Branches:
Dungeon (14/15)            Temple (1/1) D:4            Lair (2/6) D:10
 Shoals (2/4) Lair:2        Snake (0/4) Lair:2          Orc (0/2) D:11
 Vaults (0/5) D:13        Ossuary (visited)

Altars:
Ashenzari
Cheibriados
Elyvilon
Hepliaklqana
Kikubaaqudgha
Makhleb
Qazlal
Ru
Sif Muna
Trog
Uskayaw
Wu Jian
Xom
Yredelemnul
Zin

Annotations:
D:7 3 runed translucent doors, Ozzies's ghost, amateur DDFi
D:12 3 runed translucent doors
D:14 Roxanne


Innate Abilities, Weirdness & Mutations

You are resistant to damage.
You can heal yourself by infusing magical energy.
You resist negative energy. (rN+)
You passively map the area around you.
You do not regenerate.
You are resistant to hostile enchantments. (MR+)


Message History

The satyr plays a frightful melody on his pipes!
The satyr radiates an aura of fear!
You are terrified of the satyr!
You slice the Executioner!!
The Executioner is heavily wounded.
You miss the merfolk impaler. You slash the sea snake! You slash the satyr!
* * * LOW HITPOINT WARNING * * *
You feel very sick. The Executioner gestures at you.
You resist with almost no effort. The Executioner hits you!
* * * LOW HITPOINT WARNING * * *
The Executioner hits you but does no damage. x2
The Executioner closely misses you.
The Executioner hits you but does no damage. x2
You block the sea snake's attack.
The merfolk impaler hits you with a +0 trident!
* * * LOW HITPOINT WARNING * * *
The merfolk hits you but does no damage.
The faun hits you from afar with a +0 spear!
You die...

≈ ≈ ≈≈.....≈≈≈≈≈≈≈≈≈#**
* * ≈ ≈≈≈≈≈≈≈≈≈≈≈≈≈≈≈≈≈#
, * ≈≈≈≈≈≈≈≈≈≈≈≈≈)≈≈# ,
≈≈≈≈≈≈≈≈(≈()(<≈≈# , ≈
≈≈≈≈≈≈≈≈≈≈≈(≈)≈.## , ,,
≈≈ ≈≈≈≈≈≈≈≈≈≈.<.)...#
≈≈≈≈≈≈≈(...###...#* , ≈
≈ ≈≈≈≈≈≈≈..1.# ...#* ,≈
≈ ≈ ≈
≈≈≈≈≈≈)c@m.###....# ≈≈
≈≈≈≈≈≈≈≈≈)(S≈.......#***
≈ ≈ ≈
≈≈≈≈≈≈≈mcc........≈≈ *
≈≈≈≈≈≈....##.....≈≈≈≈
≈≈≈≈≈≈≈.≈≈..# ......≈≈≈
≈ .≈≈..≈≈≈≈$.,.....
......≈≈.... .### ≈ ≈ ≈
≈≈ .###!.≈.....# , ≈
#......##. * , ≈


You could see a merfolk impaler, an Executioner (summoned, fast), a satyr
(scary), a sea snake, a merfolk and 2 fauns.

Vanquished Creatures
  Rupert (D:13)
  Harold (D:10)
  8 vault guards (D:13)
  2 hydras
  2 centaur warriors
  Erica (D:8)
  An unseen horror (D:11)
  2 wizards (D:14)
  A deep elf mage (D:12)
  4 fauns (Shoals:2)
  4 ugly things
  5 manticores
  2 cyclopes
  6 elephants (Lair:2)
  A merfolk siren (Shoals:2)
  2 centaur zombies (D:12)
  A torpor snail (Lair:1)
  3 kobold demonologists
  A centaur skeleton (D:9)
  A gargoyle (D:13)
  3 cane toads
  A komodo dragon (D:10)
  5 merfolk
  3 meliai (D:14)
  2 trolls
  6 hippogriffs
  A snapping turtle (Shoals:2)
  A shadow (D:14)
  2 wraiths
  3 water elementals (Shoals:1)
  A fire elemental (D:14)
  A basilisk (Lair:2)
  31 yaks
  A soldier ant (D:13)
  11 water moccasins
  A porcupine (Lair:2)
  2 hell hounds (D:14)
  2 eyes of draining
  3 black bears
  6 ice beasts
  A hornet zombie (D:6)
  A necrophage (D:12)
  8 sky beasts
  5 ogres
  5 orc warriors
  2 phantoms
  9 centaurs
  2 crocodiles (Lair:2)
  4 big kobolds
  20 bullfrogs
  4 water moccasin zombies (Ossuary)
  A scorpion (D:8)
  16 killer bees
  5 howler monkeys
  31 wights
  A quasit (D:12)
  A bullfrog zombie (D:11)
  4 hounds
  A jelly (D:13)
  5 orc priests
  17 orc wizards
  5 bullfrog skeletons
  11 worker ants
  Natasha (D:2)
  8 iguanas
  3 big kobold zombies (Ossuary)
  A hound zombie (D:7)
  A hound skeleton (D:11)
  2 howler monkey zombies
  2 mummies (Ossuary)
  A worker ant zombie (D:8)
  Robin (D:3)
  12 adders
  10 gnolls
  3 ufetubi
  An adder skeleton (D:8)
  7 adder zombies
  2 worms
  2 dart slugs (D:1)
  2 leopard geckos
  40 orcs
  8 giant cockroaches
  9 goblins (D:3)
  4 hobgoblins (D:3)
  8 jackals
  15 kobolds
  6 quokkas
  2 ball pythons
  3 frilled lizards
  A giant cockroach zombie (D:5)
  2 gnoll zombies (Ossuary)
  A hobgoblin zombie (Ossuary)
  8 kobold zombies (Ossuary)
  4 orc zombies (Ossuary)
  A quokka skeleton (D:7)
  3 rats
468 creatures vanquished.

Vanquished Creatures (collateral kills)
  Jorgrun (D:14)
  Azrael (D:14)
  5 hydras
  A death knight (D:11)
  A two-headed ogre (D:11)
  An unseen horror (D:14)
  A deep elf mage (D:14)
  2 ugly things
  A cane toad (Lair:1)
  A komodo dragon (D:11)
  A freezing wraith (D:14)
  2 trolls (D:11)
  A hornet (D:11)
  A slime creature (D:11)
  A hippogriff (D:11)
  2 yaks
  2 fire elementals (D:14)
  A water moccasin (Lair:1)
  2 hell hounds (D:14)
  2 bullfrogs
  A hound (D:11)
  An orc priest (D:11)
  5 orcs
37 creatures vanquished.

Vanquished Creatures (others)
  An adder skeleton (D:4)
  A leopard gecko (D:4)
  3 fungi (Lair:2)
  45 plants
50 creatures vanquished.

Grand Total: 555 creatures vanquished

Notes
Turn   | Place    | Note
-------+----------+-------------------------------------------
     0 | D:1      | Flugslaktarn the Deep Dwarf Fighter began the quest for the
                  | Orb.
     0 | D:1      | Reached XP level 1. HP: 20/20 MP: 1/1
   213 | D:2      | Reached XP level 2. HP: 18/28 MP: 2/2
   247 | D:2      | Noticed Natasha
   256 | D:2      | Killed Natasha
   256 | D:2      | Reached XP level 3. HP: 16/34 MP: 3/3
   303 | D:3      | Noticed Robin
   309 | D:3      | Killed Robin
   315 | D:3      | Reached XP level 4. HP: 37/42 MP: 3/3
   411 | D:3      | Found a hide-covered altar of Uskayaw.
   817 | D:4      | Reached XP level 5. HP: 35/50 MP: 3/3
   913 | D:4      | Found a sand-covered staircase.
   991 | Ossuary  | Entered an ossuary
  1066 | Ossuary  | Reached XP level 6. HP: 36/57 MP: 3/3
  1146 | Ossuary  | Reached skill level 5 in Axes
  1237 | D:4      | Reached XP level 7. HP: 59/66 MP: 4/4
  1414 | D:4      | Found a staircase to the Ecumenical Temple.
  1474 | Temple   | Entered the Ecumenical Temple
  1520 | Temple   | Became a worshipper of Makhleb the Destroyer
  1833 | D:5      | Entered Level 5 of the Dungeon
  1907 | D:5      | Reached skill level 1 in Invocations
  1953 | D:5      | Reached skill level 5 in Fighting
  1953 | D:5      | Reached skill level 5 in Armour
  2165 | D:5      | Reached skill level 5 in Shields
  2287 | D:5      | Reached skill level 2 in Invocations
  2469 | D:5      | Reached XP level 8. HP: 51/75 MP: 6/6
  2699 | D:6      | Reached * piety under Makhleb
  2999 | D:6      | Reached skill level 3 in Invocations
  3669 | D:7      | Reached skill level 4 in Invocations
  3695 | D:7      | Gained mutation: You passively map the area around you.
                  | [Deep Dwarf growth]
  3695 | D:7      | Reached XP level 9. HP: 47/85 MP: 7/7
  3705 | D:7      | Got a pair of encrusted boots
  3711 | D:7      | Identified the +0 pair of boots "Joclaepn" {rN+ Str+2 Int+4
                  | Stlth+} (You found it on level 7 of the Dungeon)
  3770 | D:7      | Reached ** piety under Makhleb
  3976 | D:7      | Found a runed translucent gate.
  3976 | D:7      | Found a runed translucent gate.
  3976 | D:7      | Found a runed translucent gate.
  3981 | D:7      | Noticed Ozzies's ghost (amateur DDFi)
  4186 | D:8      | Reached skill level 5 in Invocations
  4259 | D:8      | Reached *** piety under Makhleb
  4289 | D:8      | Reached XP level 10. HP: 96/96 MP: 9/9
  4414 | D:8      | Found a shimmering altar of Xom.
  4416 | D:8      | Found a shimmering altar of Xom.
  4416 | D:8      | Found a shimmering altar of Xom.
  4416 | D:8      | Found a shimmering altar of Xom.
  4416 | D:8      | Found a shimmering altar of Xom.
  4422 | D:8      | Found a shimmering altar of Xom.
  4423 | D:8      | Found a shimmering altar of Xom.
  4595 | D:8      | Noticed Erica
  4609 | D:8      | Reached skill level 6 in Invocations
  4619 | D:8      | Killed Erica
  4953 | D:9      | Reached skill level 1 in Dodging
  5790 | D:10     | Entered Level 10 of the Dungeon
  5855 | D:10     | Found a staircase to the Lair.
  6211 | D:10     | Reached skill level 10 in Axes
  6277 | D:11     | Reached **** piety under Makhleb
  6277 | D:11     | Reached skill level 7 in Invocations
  6317 | D:11     | Noticed a smoke demon
  6321 | D:11     | Noticed a rust devil
  6327 | D:11     | Noticed a sixfirhy
  6331 | D:11     | Noticed a red ugly thing
  6404 | D:11     | Noticed Harold
  6404 | D:11     | Noticed a white ugly thing
  6463 | D:10     | Killed a white ugly thing
  6463 | D:10     | Reached XP level 11. HP: 76/104 MP: 11/11
  6485 | D:10     | Killed Harold
  6488 | D:11     | Noticed a six-headed hydra
  6651 | D:11     | Killed an unseen horror
  6699 | D:11     | Killed a six-headed hydra
  6737 | D:11     | Noticed a death knight
  6739 | D:11     | Reached skill level 8 in Invocations
  6746 | D:11     | Killed a death knight
  6758 | D:11     | Noticed a green ugly thing
  6791 | D:11     | Killed a purple ugly thing
  6791 | D:11     | Killed a white ugly thing
  6872 | D:11     | Noticed a seven-headed hydra
  6887 | D:11     | Found the +4 dagger "Morg" {pain, MR+ Int+5}
  6890 | D:11     | Killed a ten-headed hydra
  6913 | D:11     | Reached skill level 10 in Fighting
  6984 | D:11     | Noticed a two-headed ogre
  6990 | D:11     | Killed a two-headed ogre
  6990 | D:11     | Reached XP level 12. HP: 52/116 MP: 11/11
  6996 | D:11     | Found a staircase to the Orcish Mines.
  7000 | D:11     | Noticed a four-headed hydra
  7012 | D:11     | Killed a six-headed hydra
  7427 | D:12     | Reached skill level 5 in Dodging
  7501 | D:12     | Reached skill level 9 in Invocations
  7592 | D:12     | Reached ***** piety under Makhleb
  7692 | D:12     | Found a runed translucent door.
  7692 | D:12     | Found a runed translucent door.
  7692 | D:12     | Noticed a two-headed ogre
  7693 | D:12     | Noticed a centaur warrior
  7694 | D:12     | Found a runed translucent door.
  7978 | D:12     | Noticed a two-headed ogre
  7978 | D:12     | Noticed a seven-headed hydra
  8031 | D:13     | Noticed a four-headed hydra
  8040 | D:13     | Killed a four-headed hydra
  8319 | D:13     | Noticed a seven-headed hydra
  8330 | D:13     | Killed an eight-headed hydra
  8337 | D:13     | Noticed a centaur warrior
  8345 | D:13     | Killed a centaur warrior
  8478 | D:13     | Noticed a vault guard
  8478 | D:13     | Noticed a vault guard
  8478 | D:13     | Noticed a vault guard
  8478 | D:13     | Noticed a vault guard
  8479 | D:13     | Found a gate to the Vaults.
  8479 | D:13     | Noticed a vault guard
  8479 | D:13     | Noticed a vault guard
  8479 | D:13     | Noticed a vault guard
  8488 | D:13     | Killed a vault guard
  8490 | D:13     | Noticed a vault guard
  8491 | D:13     | Killed a vault guard
  8500 | D:13     | Killed a vault guard
  8500 | D:13     | Reached XP level 13. HP: 78/127 MP: 9/9
  8554 | D:13     | Reached skill level 10 in Invocations
  8830 | D:13     | Noticed Rupert
  8871 | D:13     | Paralysed by Rupert for 6 turns
  8888 | D:13     | Killed Rupert
  8888 | D:13     | Reached skill level 10 in Shields
  8890 | D:13     | Reached skill level 10 in Armour
  9216 | D:14     | Noticed Jorgrun
  9234 | D:14     | HP: 5/127 [Jorgrun/iron shot (46)]
  9240 | D:14     | Noticed Azrael
  9247 | D:14     | Found a stormy altar of Qazlal.
  9345 | D:14     | Killed Azrael
  9395 | D:14     | HP: 4/127 [Jorgrun/iron shot (45)]
  9409 | D:14     | Killed Jorgrun
  9447 | D:14     | Noticed Roxanne
  9477 | D:14     | HP: 2/128 [ice beast[a deep elf mage] (9)]
  9481 | D:14     | Gained mutation: You tend to lose your temper in combat.
                  | [potion of mutation]
  9481 | D:14     | Lost mutation: You tend to lose your temper in combat.
                  | [potion of mutation]
  9481 | D:14     | Gained mutation: You are resistant to hostile enchantments.
                  | (MR+) [potion of mutation]
  9580 | D:14     | Reached skill level 11 in Invocations
  9982 | Lair:1   | Entered Level 1 of the Lair of Beasts
 10031 | Lair:1   | Reached skill level 12 in Invocations
 10458 | Lair:2   | Found a staircase to the Snake Pit.
 10521 | Lair:2   | Found a staircase to the Shoals.
 10598 | Lair:2   | Gained mutation: You resist negative energy. (rN+) [Deep
                  | Dwarf growth]
 10598 | Lair:2   | Reached XP level 14. HP: 136/136 MP: 3/3
 10600 | Lair:2   | Reached skill level 13 in Invocations
 11164 | Shoals:1 | Entered Level 1 of the Shoals
 11296 | Shoals:2 | Reached skill level 14 in Invocations
 11465 | Shoals:2 | Noticed an Executioner
 11485 | Shoals:2 | HP: 4/136 [merfolk impaler/+0 trident (11)]
 11485 | Shoals:2 | Slain by a faun

Illustrated notes

Levels and vault maps discovered:
D:1:      erik_arrival_triangle_small, layout_basic, kennysheep_another_room
D:2:      layout_basic, uniq_natasha
D:3:      layout_loops_ring, lemuel_round_altar, kennysheep_okawaru_gauntlet,
          uniq_robin
D:4:      layout_loops_ring, minmay_temple_entry_glassed_door, enter_ossuary_1,
          lemuel_flame_loot_1
D:5:      layout_basic
D:6:      layout_layer_cave
D:7:      layout_rooms, gammafunk_ghost_necromancy
D:8:      layout_basic, xom_redecorated, uniq_erica
D:9:      layout_layer_cave
D:10:     layout_big_octagon, david_lair_shrubbed, corexii_hall_statues_deadend
D:11:     cheibrodos_ideogram_h, layout_small_grid, uniq_harold
D:12:     minmay_the_grid_triangle_9x9_rhombus_full
          [minmay_the_grid_triangle_9x9_minimal,
          minmay_the_grid_triangle_9x9_windchime,
          minmay_the_grid_triangle_9x9_fully_insulated_deathbox,
          minmay_the_grid_triangle_9x9_skeleton,
          minmay_the_grid_triangle_9x9_pentomino_pain,
          minmay_the_grid_triangle_9x9_wacky_v,
          minmay_the_grid_triangle_9x9_corrupted_corridor,
          minmay_the_grid_triangle_9x9_prize_center], layout_basic,
          minmay_joined_circles
D:13:     layout_roguey, erik_vaults_2, minmay_misc_feat_pillars, uniq_rupert
D:14:     layout_small_grid, minmay_stone_trees_small,
          nicolae_qazlal_style_of_elements, uniq_azrael, uniq_jorgrun,
          uniq_roxanne
Temple:   compressed_dpeg_circular_temple
Lair:1:   layout_misc_corridors, grunt_megastairs_5, uniq_gastronok
Lair:2:   layout_cave_pods, elwin_shoals_entry_rocks,
          minmay_snake_entry_six_corridors
Shoals:1: cheibrodos_shoals_epimethial_gifts, layout_shoals, ldierk_geyser
Shoals:2: layout_shoals, serial_shops, nicolae_shop_trees,
          nicolae_shoals_dead_sea_scrolls

Skill      XL: |  1  2  3  4  5  6  7  8  9 10 11 12 13 14 |
---------------+-------------------------------------------+-----
Fighting       | 3 4 5 6 7 8 10 11 | 11.7
Axes           | 3 4 5 6 7 9 10 11 12 13 | 13.4
Armour         | 4 5 6 7 8 9 10 | 10.2
Shields        | 4 5 6 7 8 9 10 | 10.2
Invocations    | 2 4 5 7 8 9 12 14 | 14.7
Dodging        | 2 4 6 7 |  7.0

Action                   |  1- 3 |  4- 6 |  7- 9 | 10-12 | 13-15 || total
-------------------------+-------+-------+-------+-------+-------++-------
Melee: War axe           |    60 |   230 |   385 |   571 |    66 ||  1312
       Broad axe         |       |       |       |       |   431 ||   431
Invok: Lesser Servant of |       |       |       |    10 |    11 ||    21
       Greater Servant o |       |       |       |       |     1 ||     1
 Abil: Heal Wounds       |     2 |     4 |     8 |    20 |    25 ||    59
Evoke: Wand              |       |       |       |     3 |     4 ||     7
  Use: Scroll            |       |       |    17 |     7 |     5 ||    29
       Potion            |       |       |       |     1 |     4 ||     5
 Stab: Distracted        |       |       |       |     1 |     1 ||     2
Armor: Scale mail        |    32 |    25 |       |       |       ||    57
       Chain mail        |       |    89 |   238 |   325 |       ||   652
       Skin              |       |       |     1 |       |       ||     1
       Plate armour      |       |       |       |    34 |   420 ||   454
Dodge: Dodged            |    18 |    62 |   105 |   201 |   212 ||   598
Block: Kite shield       |    29 |   120 |   216 |   434 |   422 ||  1221

Table legend: (Time is in decaauts)
 A = Elapsed time spent in this place.
 B = Non-inter-level travel time spent in this place.
 C = Inter-level travel time spent in this place.
 D = Time resting spent in this place.
 E = Time spent auto-exploring this place.
 F = Levels seen in this place.
 G = Mean time per level.
                   A        B        C        D        E       F      G
               +--------+--------+--------+--------+--------+-----+--------+
         Total |  11730 |  10717 |   1013 |     43 |   7317 |  20 |  586.5 |
       Dungeon |   9897 |   8999 |    898 |     40 |   6225 |  14 |  706.9 |
        Temple |     53 |     28 |     25 |      0 |     26 |   1 |   53.0 |
          Lair |   1182 |   1137 |     45 |      0 |    884 |   2 |  591.0 |
        Shoals |    339 |    295 |     44 |      3 |    120 |   2 |  169.5 |
       Ossuary |    258 |    258 |      0 |      0 |     61 |   1 |  258.0 |
               +--------+--------+--------+--------+--------+-----+--------+

Top non-repeatable levels by time:
     D:9: 1080 daAuts
    D:13: 1080 daAuts
    D:11: 1060 daAuts
     D:6: 1002 daAuts
     D:4: 910 daAuts
     D:5: 882 daAuts
  Lair:2: 845 daAuts
    D:14: 735 daAuts
    D:10: 684 daAuts
    D:12: 642 daAuts
     D:8: 599 daAuts
     D:7: 488 daAuts
     D:3: 417 daAuts
  Lair:1: 336 daAuts
 Ossuary: 258 daAuts
